 Dungeon Crawl Stone Soup version 0.20.1-1-g8b1a95d (webtiles) character file.

228 vineage the Cudgeler (level 6, -4/37 HPs)
             Began as a Gargoyle Fighter on Nov 2, 2017.
             Slain by an orc warrior
             ... wielding a +0 trident
              (12 damage)
             ... on level 3 of the Dungeon.
             The game lasted 00:03:45 (2372 turns).

vineage the Cudgeler (Gargoyle Fighter)             Turns: 2372, Time: 00:03:46

Health: -4/37      AC: 12    Str: 21    XL:     6   Next: 2%
Magic:  6/6        EV:  7    Int:  9    God:
Gold:   98         SH: 10    Dex:  9    Spells: 5/5 levels left

rFire    . . .     SeeInvis .   a - +0 flail
rCold    . . .     Gourm    .   c - +1 shield
rNeg     + . .     Faith    .   b - +0 scale mail
rPois    ∞         Spirit   .   m - +0 helmet
rElec    +         Reflect  .   (no cloak)
rCorr    .         Harm     .   (no gloves)
MR       .....                  (no boots)
Stlth    ..........             (no amulet)
Regen    0.2/turn               (no ring)
MPRegen  0.1/turn               (no ring)

@: very slightly contaminated, invisible
A: negative energy resistance 1, electricity resistance, unbreathing,
petrification resistance, rot immunity, AC +4
a: no special abilities


You were on level 3 of the Dungeon.
You were hungry.

You visited 1 branch of the dungeon, and saw 3 of its levels.

You collected 98 gold pieces.

Inventory:

Hand Weapons
 a - a +0 flail (weapon)
Armour
 b - a +0 scale mail (worn)
 c - a +1 shield (worn)
 m - a +0 helmet (worn)
Scrolls
 e - a scroll of remove curse
 p - a scroll of magic mapping
 r - a scroll of immolation {unknown}
Potions
 o - a potion of resistance {unknown}
 q - a potion of lignification {unknown}
Comestibles
 f - a bread ration
 g - a meat ration
 l - 3 fruits


   Skills:
 - Level 3.2 Fighting
 + Level 6.0 Maces & Flails
 - Level 3.2 Armour
 - Level 3.2 Shields


You had 5 spell levels left.
You didn't know any spells.

Dungeon Overview and Level Annotations

Branches:
Dungeon (3/15)

Altars:
Trog
The Shining One


Innate Abilities, Weirdness & Mutations

You are resistant to torment.
Your stone body is resilient. (AC +4)
You are immune to poison.
You resist negative energy. (rN+)
You are resistant to electric shocks. (rElec)
You can survive without breathing.
You are immune to petrification.
You are immune to rotting.


Message History

The howler monkey hoots and howls with incredible vigour!
You hear an angry hiss.
You closely miss the orc warrior. You block the orc warrior's attack.
You closely miss the orc warrior.
The orc warrior hits you with a trident. x2
You hit the orc warrior but do no damage.
The orc warrior hits you with a trident!
* * * LOW HITPOINT WARNING * * *
It was a potion of curing.
You feel better. You block the orc warrior's attack.
You feel better.
It was a potion of invisibility.
You fade into invisibility!
The orc warrior hits you with a trident.
* * * LOW HITPOINT WARNING * * *
The orc throws a tomahawk.
The tomahawk misses the howler monkey.
The tomahawk hits the orc warrior!
You are very lightly contaminated with residual magic.
It was a potion of magic.
Magic courses through your body.
The orc warrior hits you with a trident!
You die...

*,,,,* #......... *,,,,*#####
#......... *,,,,*#...# #.........
#,,,,*#...# #.........
*********##.,,,##...## #.........
,,,,,,,,,....,,+.....# #.........
,,,,******#...,##....# #.........
,,,,*****##...o##....###.........
,,,,,,,,,..).oho@.(.....[........
,,,,*****##...o##.....##........<
,,,,* #...,*#...#.##.........
,,,,* #..,,*#...#.##.........
,,,,******##****#...#.#####+#####
,,,,,,,,,,* #...#..*#........
,,,,,,,,,,* ***######.##........
,,........# *,,.................
,,........# #...................


You could see an orc warrior, a howler monkey and 3 orcs.

Vanquished Creatures
  Jessica (D:3)
  Robin (D:3)
  3 gnolls (D:3)
  6 adders
  An ooze (D:1)
  A worm (D:3)
  A dart slug (D:1)
  3 leopard geckos
  5 orcs (D:3)
  A ball python (D:1)
  12 bats
  6 giant cockroaches
  16 goblins
  10 hobgoblins
  11 frilled lizards
  6 kobolds
  9 rats
93 creatures vanquished.

Vanquished Creatures (others)
  A quokka (D:3)
1 creature vanquished.

Grand Total: 94 creatures vanquished

Notes
Turn   | Place    | Note
-------+----------+-------------------------------------------
     0 | D:1      | vineage the Gargoyle Fighter began the quest for the Orb.
     0 | D:1      | Reached XP level 1. HP: 14/14 MP: 1/1
   287 | D:1      | Reached XP level 2. HP: 19/19 MP: 2/2
   346 | D:1      | Reached skill level 3 in Maces & Flails
   625 | D:1      | Reached XP level 3. HP: 23/23 MP: 3/3
  1069 | D:2      | Reached skill level 4 in Maces & Flails
  1206 | D:2      | Reached XP level 4. HP: 26/28 MP: 4/4
  1379 | D:2      | Found a glowing golden altar of the Shining One.
  1716 | D:3      | Reached skill level 5 in Maces & Flails
  1716 | D:3      | Reached XP level 5. HP: 10/32 MP: 5/5
  1955 | D:3      | Found a bloodstained altar of Trog.
  2023 | D:3      | Noticed Jessica
  2035 | D:3      | Killed Jessica
  2059 | D:3      | Noticed Robin
  2133 | D:3      | Reached skill level 6 in Maces & Flails
  2147 | D:3      | Killed Robin
  2147 | D:3      | Reached XP level 6. HP: 15/37 MP: 6/6
  2358 | D:3      | Noticed an orc warrior
  2368 | D:3      | HP: 1/37 [orc warrior/trident (15)]
  2372 | D:3      | Slain by an orc warrior

Skill      XL: |  1  2  3  4  5 |
---------------+----------------+-----
Maces & Flails | 3 4 5 6 |  6.0
Fighting       | |  3.2
Armour         | |  3.2
Shields        | |  3.2

Action                   |  1- 3 |  4- 6 || total
-------------------------+-------+-------++-------
Melee: Flail             |   181 |   192 ||   373
  Use: Potion            |       |     5 ||     5
       Scroll            |       |     4 ||     4
  Eat: Chunk             |     1 |     4 ||     5
Armor: Scale mail        |   122 |   149 ||   271
Dodge: Dodged            |    80 |   100 ||   180
Block: Shield            |    90 |   144 ||   234
